 Dungeon Crawl Stone Soup version 0.20.0-15-g7f486f2 (webtiles) character file.

170 anfisbena the Poker (level 5, 0/38 HPs)
             Began as a Merfolk Skald on June 17, 2017.
             Slain by an orc
             ... wielding a cursed -1 short sword
              (2 damage)
             ... on level 3 of the Dungeon.
             The game lasted 00:04:08 (3282 turns).

anfisbena the Poker (Merfolk Skald)                 Turns: 3282, Time: 00:04:09

Health: 0/38       AC:  5    Str: 11    XL:     5   Next: 50%
Magic:  4/8        EV: 18    Int: 13    God:
Gold:   106        SH:  0    Dex: 19    Spells: 0/8 levels left

rFire    . . .     SeeInvis +   a - +0 spear
rCold    . . .     Gourm    .   (no shield)
rNeg     . . .     Faith    .   i - +0 leather armour {rPois}
rPois    +         Spirit   .   t - +0 helmet
rElec    .         Reflect  .   (no cloak)
rCorr    .         Harm     .   (no gloves)
MR       .....     Rnd*Tele +   q - +0 pair of boots
Stlth    ++........             (no amulet)
Regen    0.2/turn               e - ring of teleportation (curse)
MPRegen  0.2/turn               p - ring of see invisible

@: agile, infused
A: change form in water, swift swim, stealthy swim
a: no special abilities


You were on level 3 of the Dungeon.
You were not hungry.

You visited 1 branch of the dungeon, and saw 3 of its levels.

You collected 106 gold pieces.

Inventory:

Hand Weapons
 a - a +0 spear (weapon)
Armour
 i - a +0 leather armour of poison resistance (worn)
 q - a +0 pair of boots (worn)
 t - a +0 helmet (worn)
Jewellery
 e - a cursed ring of teleportation (left hand)
 p - a ring of see invisible (right hand)
Wands
 u - a wand of iceblast (3/15)
Scrolls
 n - a scroll of enchant weapon
 r - 2 scrolls of recharging
 s - a scroll of amnesia
Potions
 b - a potion of resistance {unknown}
 f - a potion of agility
 j - a potion of ambrosia {unknown}
 m - 2 potions of curing {unknown}
 w - a potion of mutation {unknown}
Books
 c - a book of Battle

   Spells                             Type                      Level
   a - Infusion                       Charms                       1
   b - Shroud of Golubria             Charms/Translocation         2
   c - Song of Slaying                Charms                       2
   d - Spectral Weapon                Hexes/Charms                 3
   e - Regeneration                   Charms/Necromancy            3
 o - a book of Misfortune

   Spells                             Type                      Level
   a - Confusing Touch                Hexes                        1
   b - Confuse                        Hexes                        3
   c - Gell's Gravitas                Translocation                3
   d - Petrify                        Transmutation/Earth          4
   e - Metabolic Englaciation         Hexes/Ice                    5
   f - Yara's Violent Unravelling     Hexes/Transmutation          5
Comestibles
 d - 2 bread rations
 h - 3 fruits
 k - 2 meat rations
 l - a royal jelly


   Skills:
 - Level 2.1 Fighting
 + Level 4.9 Polearms
 - Level 0.6 Armour
 - Level 2.6 Dodging
 - Level 2.0 Spellcasting
 * Level 2.4 Hexes
 - Level 4.0 Charms
 - Level 2.0 Translocations


You couldn't memorise any spells.
You knew the following spells:

 Your Spells              Type           Power        Failure   Level  Hunger
a - Infusion              Chrm           ##..         6%          1    ##.....
b - Shroud of Golubria    Chrm/Tloc      #.........   14%         2    ###....
c - Spectral Weapon       Hex/Chrm       #.......     26%         3    ####...
d - Song of Slaying       Chrm           ##......     10%         2    ###....


Dungeon Overview and Level Annotations

Branches:
Dungeon (3/15)

Altars:


Message History

The orc priest misses you.
You hit the orc priest.
The orc priest is moderately wounded.
The orc hits you but does no damage. x2
The orc priest hits you but does no damage.
You barely miss the orc priest.
The orc priest is moderately wounded.
The orc barely misses you. The orc closely misses you.
You hit the orc priest!
The orc priest is almost dead.
The orc priest hits you with a falchion.
* * * LOW HITPOINT WARNING * * *
The orc barely misses you. The orc misses you.
The orc priest barely misses you.
It was a potion of agility.
You feel agile all of a sudden.
The orc priest hits you with a falchion.
* * * LOW HITPOINT WARNING * * *
The orc hits you with an enchanted short sword.
You die...

. # # . #
..#####
........#
##########
........
......ooo#
#..####.
####...#@#
#.......
.....#.#o#
.###.####.
#### ..#.#
........#.
#.##.#
#...... #.
#.#
####.#. #.
... ..#
##.#. #.
...
#.####....
...
#......#..
#..###...#


You could see 2 orc priests and 2 orcs.

Vanquished Creatures
  Jessica (D:2)
  Terence (D:2)
  7 adders (D:2)
  An ooze (D:3)
  A worm (D:2)
  2 dart slugs
  A leopard gecko (D:2)
  A ball python (D:1)
  7 bats
  A giant cockroach (D:3)
  4 goblins
  5 hobgoblins
  4 jackals (D:2)
  4 frilled lizards
  3 kobolds
  10 rats
53 creatures vanquished.

Notes
Turn   | Place    | Note
-------+----------+-------------------------------------------
     0 | D:1      | anfisbena the Merfolk Skald began the quest for the Orb.
     0 | D:1      | Reached XP level 1. HP: 16/16 MP: 3/3
   518 | D:1      | Reached XP level 2. HP: 22/22 MP: 0/5
   584 | D:1      | Learned a level 2 spell: Shroud of Golubria
  1031 | D:2      | Noticed Jessica
  1036 | D:2      | Killed Jessica
  1036 | D:2      | Reached skill level 1 in Translocations
  1036 | D:2      | Reached XP level 3. HP: 27/27 MP: 6/6
  1056 | D:2      | Noticed Terence
  1086 | D:2      | Killed Terence
  1086 | D:2      | Reached XP level 4. HP: 14/33 MP: 0/7
  1091 | D:2      | Learned a level 3 spell: Spectral Weapon
  1785 | D:2      | Reached skill level 1 in Hexes
  2280 | D:2      | Reached XP level 5. HP: 37/38 MP: 2/8
  3059 | D:3      | Learned a level 2 spell: Song of Slaying
  3282 | D:3      | Slain by an orc

Skill      XL: |  1  2  3  4  5 |
---------------+----------------+-----
Charms         | 4 |  4.0
Translocations | 1 2 |  2.0
Polearms       | 4 |  4.9
Hexes          | 1 2 |  2.4
Fighting       | |  2.1
Armour         | |  0.6
Dodging        | |  2.6
Spellcasting   | |  2.0

Action                   |  1- 3 |  4- 6 || total
-------------------------+-------+-------++-------
Melee: Spear             |    76 |   142 ||   218
 Cast: Infusion          |     9 |    21 ||    30
  Use: Scroll            |       |     4 ||     4
       Potion            |       |     1 ||     1
 Stab: Sleeping          |       |     2 ||     2
  Eat: Chunk             |     1 |     7 ||     8
Armor: Leather armour    |    14 |    33 ||    47
Dodge: Dodged            |    51 |    82 ||   133
